 Dungeon Crawl Stone Soup version 0.16.1-4-g8e1b745 (console) character file.

91 gw the Ducker (level 4, 0/26 HPs)
             Began as a Deep Elf Artificer on Mar 28, 2015.
             Succumbed to a worker ant's poison
             ... on level 6 of the Dungeon.
             The game lasted 00:01:01 (1188 turns).

gw the Ducker (Deep Elf Artificer)                  Turns: 1188, Time: 00:01:01

Health: 0/26       AC:  3    Str:  8    XL:     4   Next: 34%
Magic:  10/10      EV: 13    Int: 17    God:
Gold:   41         SH:  0    Dex: 16    Spells: 0 memorised, 3 levels left

rFire  . . .     SeeInvis .     a - +0 short sword
rCold  . . .     Clarity  .     e - +0 leather armour
rNeg   . . .     SustAb   .     (no shield)
rPois  .         Gourm    .     (no helmet)
rElec  .         Spirit   .     (no cloak)
rCorr  .         Warding  .     (no gloves)
rMut   .         Stasis   .     (no boots)
MR     .....                    (no amulet)
Stlth  ++........               (no ring)
                                (no ring)

@: lethally poisoned (0 -> -18), not resistant to hostile enchantments,
unstealthy
A: no striking features
a: no special abilities


You were on level 6 of the Dungeon.
You were not hungry.

You visited 1 branch of the dungeon, and saw 6 of its levels.

You collected 41 gold pieces.

Inventory:

Hand weapons
 a - a +0 short sword (weapon)
Armour
 e - a +0 leather armour (worn)
Magical devices
 b - a wand of flame (10)
 c - a wand of enslavement (13)
 d - a wand of random effects (10)
Scrolls
 g - a scroll of teleportation {unknown}
 i - a scroll of identify {unknown}
 j - a scroll of blinking {unknown}
Potions
 h - a potion of restore abilities {unknown}
 k - a potion of invisibility {unknown}
Comestibles
 f - 2 bread rations


   Skills:
 + Level 1.7 Fighting
 * Level 3.1 Short Blades
 + Level 3.4 Dodging
 - Level 1.2 Stealth
 - Level 3.2 Evocations


You had 3 spell levels left.
You didn't know any spells.

Dungeon Overview and Level Annotations

Branches:
Dungeon (6/15)
 Temple: D:4-7

Altars:


Message History

ATTACKING (0,-1)
You hit the worker ant but do no damage.
The worker ant is moderately wounded.
You feel sick. The worker ant closely misses you.
Unknown command.
Unknown command.
Unknown command.
Unknown command.
ATTACKING (0,-1)
You hit the worker ant but do no damage.
The worker ant is moderately wounded.
You feel sick. The worker ant bites you.
Unknown command.
Unknown command.
Unknown command.
Unknown command.
ATTACKING (0,-1)
You hit the worker ant.
The worker ant is heavily wounded.
You die...

. ... .... #.[#
#...#### #....a#
#...#e# #....[#
#.....# #.....#
#.....#
##.##.#######
##...........##
#..?..<......)#
#...g...........


You could see a worker ant.

Table legend:
 A = Turns spent in this place as a percentage of turns spent in the entire game.
 B = Non-inter-level travel turns spent in this place as a percentage of non-inter-level travel turns spent in the entire game.
 C = Inter-level travel turns spent in this place as a percentage of turns spent in this place.
 D = Turns resting spent in this place as a percentage of non-inter-level travel turns spent in this place.
 E = Turns spent auto-exploring this place as a percentage of non-inter-level travel turns spent in this place.
 F = Non-inter-level travel turns spent in this place divided by the number of levels of this place that you've seen.
                   A       B       C       D       E      F
               +-------+-------+-------+-------+-------+----------------------
         Total | 100.0 | 100.0 |   2.1 |   2.3 |   1.8 | 227.2
       Dungeon | 100.0 | 100.0 |   2.1 |   2.3 |   1.8 | 227.2
               +-------+-------+-------+-------+-------+----------------------

Table legend:
 A = Kills in this place as a percentage of kills in entire the game.
 B = Kills by you in this place as a percentage of kills by you in the entire game.
 C = Kills by friends in this place as a percentage of kills by friends in the entire game.
 D = Other kills in this place as a percentage of other kills in the entire game.
 E = Experience gained in this place as a percentage of experience gained in the entire game.
 F = Experience gained in this place divided by the number of levels of this place that you have seen.
                   A       B       C       D       E      F
               +-------+-------+-------+-------+-------+----------------------
         Total | 100.0 | 100.0 |  -nan |  -nan | 100.0 |  21.8
       Dungeon | 100.0 | 100.0 |  -nan |  -nan | 100.0 |  21.8
               +-------+-------+-------+-------+-------+----------------------

Vanquished Creatures
  The ghost of gw the Charlatan, a weakling DEAr (D:3)
  Ijyb (D:6)
  2 adders
  A worm (D:3)
  A giant mite (D:2)
  2 bats
  2 hobgoblins
  A ball python (D:5)
  A giant cockroach (D:3)
  A giant newt (D:2)
  A goblin (D:3)
  A kobold (D:2)
  A rat (D:3)
16 creatures vanquished.

Notes
Turn   | Place    | Note
--------------------------------------------------------------
     0 | D:1      | gw, the Deep Elf Artificer, began the quest for the Orb.
     0 | D:1      | Reached XP level 1. HP: 11/11 MP: 2/2
    44 | D:1      | You fall through a shaft!
    57 | D:2      | Reached skill level 1 in Fighting
   111 | D:2      | Reached XP level 2. HP: 6/16 MP: 5/5
   447 | D:3      | Noticed gw's ghost (weakling DEAr)
   452 | D:3      | Killed gw's ghost
   452 | D:3      | Reached XP level 3. HP: 11/20 MP: 7/7
   664 | D:3      | HP: 1/20 [worm (7)]
   666 | D:3      | Reached XP level 4. HP: 1/25 MP: 10/10
   674 | D:3      | HP: 1/25 [hobgoblin/club (1)]
  1069 | D:5      | Entered Level 5 of the Dungeon
  1131 | D:6      | Noticed Ijyb
  1173 | D:6      | Killed Ijyb
  1187 | D:6      | HP: 1/26 [worker ant (4)]
  1188 | D:6      | Succumbed to a worker ant's poison

Action                   |  1- 3 |  4- 6 || total
-------------------------+-------+-------++-------
Melee: Short sword       |    28 |    50 ||    78
Evoke: Wand              |     7 |     5 ||    12
  Eat: Chunk             |       |     1 ||     1

Vault maps used:
D:1:      sevenhm_arrival_forest_fort_large_4
D:2:      nicolae_tso_swordbearing_angel
D:4:      lemuel_round_altar, uniq_menkaure
D:5:      temple_green, first_bread, serial_shops, shop_fountains,
          nicolae_ossuary_entry_monument, baited_tele_trap
D:6:      uniq_crazy_yiuf_cottage, uniq_iyjb, uniq_pikel, uniq_blork_the_orc
